 Dungeon Crawl Stone Soup version 0.25-a0-523-g9afb2ee040 (webtiles) character file.

Game seed: 6351247524130251820, levelgen mode: deterministic

439540 Flugslaktarn the Slayer (level 22, -3/235 HPs)
             Began as a Deep Dwarf Fighter on Feb 18, 2020.
             Was the Champion of Makhleb.
             Killed from afar by a Killer Klown (23 damage)
             ... with a klown pie
             ... on level 2 of the Realm of Zot.
             The game lasted 00:24:09 (23849 turns).

Flugslaktarn the Slayer (Deep Dwarf Fighter)       Turns: 23849, Time: 00:24:10

Health: -3/235     AC: 49    Str: 24 (28) XL:     22   Next: 68%
Magic:  13/13      EV:  0    Int:  7 (11) God:    Makhleb [******]
Gold:   5682       SH: 26    Dex: 10 (15) Spells: 21/21 levels left

rFire    + . .     SeeInvis +   P - +7 broad axe (vorpal)
rCold    + . .     Gourm    .   f - +3 tower shield
rNeg     + . .     Faith    +   U - +9 scales of the Dragon King {rPois rF+ rC+ MR+}
rPois    +         Spirit   .   b - +2 helmet
rElec    .         Reflect  .   D - +2 cloak
rCorr    .         Harm     .   I - +0 pair of fencer's gloves {Riposte Dex+3}
MR       ++++.                  j - +2 pair of boots
Stlth    ..........             Q - amulet of faith
HPRegen  0.00/turn              i - ring of see invisible
MPRegen  0.13/turn              p - +4 ring of protection

@: lethally poisoned (-3 -> -3), fire vulnerable, vertigo, non-regenerating
A: damage resistance, heal wounds, fire resistance 1, negative energy resistance
1, sense surroundings 3, no regeneration
}: 3/15 runes: decaying, silver, gossamer
a: Heal Wounds, Minor Destruction, Lesser Servant of Makhleb, Major Destruction,
Greater Servant of Makhleb, Renounce Religion


You were on level 2 of the Realm of Zot.
You worshipped Makhleb.
Makhleb was exalted by your worship.
You were very hungry.

You visited 8 branches of the dungeon, and saw 43 of its levels.
You also visited: Ossuary.

You collected 6937 gold pieces.
You spent 1255 gold pieces at shops.

Inventory:

Hand Weapons
 P - a +7 vorpal broad axe (weapon)
   (You acquired it on level 1 of the Spider Nest)
Missiles
 G - a throwing net (quivered)
Armour
 b - a +2 helmet (worn)
   (You found it on level 7 of the Dungeon)
 c - a +0 kite shield
 f - a +3 tower shield (worn)
   (You found it on level 3 of the Dungeon)
 g - a scarf of repulsion
   (You found it on level 1 of the Dungeon)
 j - a +2 pair of boots (worn)
   (You found it on level 1 of the Dungeon)
 D - a +2 cloak (worn)
   (You took it off a draconian monk on level 1 of the Realm of Zot)
 I - the +0 pair of fencer's gloves (worn) {Riposte Dex+3}
   (You acquired it on level 15 of the Dungeon)

   It affects your dexterity (+3).
   If you remove this armour, your AC will decrease by 2 (49 -> 47).
 L - +0 storm dragon scales
   (You found it on level 13 of the Dungeon)
 U - the +9 scales of the Dragon King (worn) {rPois rF+ rC+ MR+}
   (You took it off a yaktaur on level 5 of the Vaults)

   It protects you from fire.
   It protects you from cold.
   It protects you from poison.
   It affects your resistance to hostile enchantments.
   If you remove this armour, your AC will decrease by 32 (49 -> 17).
Jewellery
 i - a ring of see invisible (left hand)
   (You found it on level 2 of the Vaults)
 m - an uncursed ring of protection from magic
   (You found it on level 1 of the Swamp)
 o - an uncursed ring of poison resistance
   (You found it on level 1 of the Dungeon)
 p - a +4 ring of protection (right hand)
   (You found it on level 1 of the Dungeon)
 M - the ring of Accord {Ice rN+}
   (You took it off a vault guard on level 5 of the Vaults)

   [ring of ice]

   It enhances your ice magic.
   It makes you vulnerable to fire.
   It protects you from cold.
   It protects you from negative energy.
 Q - an amulet of faith (around neck)
   (You found it on level 5 of the Vaults)
 S - an uncursed ring of protection from fire {unknown}
   (You found it on level 5 of the Vaults)
 X - the amulet of the Air {Inacc +Fly rElec EV+5 RMsl}
   (You found it on level 5 of the Vaults)

   [amulet of inaccuracy]

   It reduces the accuracy of all your attacks.
   It affects your evasion (+5).
   It insulates you from electricity.
   It lets you fly.
   It protects you from missiles.
 Y - the ring "Mohatti" {+Inv rElec Slay+5, unknown}
   (You found it on level 5 of the Vaults)

   [ring of slaying]

   It affects your accuracy and damage with ranged weapons and melee attacks
   (+5).
   It insulates you from electricity.
   It lets you turn invisible.
 Z - an uncursed amulet of magic regeneration {unknown}
   (You found it on level 5 of the Vaults)
Wands
 v - a wand of digging (10)
   (You found it on level 15 of the Dungeon)
 C - a wand of clouds (6)
   (You found it on level 5 of the Dungeon)
 H - a wand of iceblast (30)
   (You found it on level 13 of the Dungeon)
 J - a wand of paralysis (24)
   (You found it on level 13 of the Dungeon)
 N - a wand of acid (74)
   (You found it on level 7 of the Dungeon)
Scrolls
 r - 15 scrolls of identify
 t - 6 scrolls of teleportation
 x - a scroll of holy word
 z - 4 scrolls of blinking
 B - 10 scrolls of remove curse
 K - a scroll of fear
 R - 5 scrolls of magic mapping
Potions
 d - 2 potions of might
 h - 3 potions of haste
 k - a potion of cancellation
 l - 3 potions of stabbing
 n - 3 potions of resistance
 q - 4 potions of curing
 s - 4 potions of brilliance
 u - a potion of invisibility
 w - 3 potions of heal wounds
 y - 4 potions of mutation
 A - 4 potions of flight
 E - 3 potions of magic
 F - 4 potions of lignification
 O - a potion of berserk rage
 T - 2 potions of ambrosia
Comestibles
 a - 5 chunks of flesh
 e - 50 rations


   Skills:
 * Level 21.9 Fighting
 - Level 19.3 Axes
 + Level 20.0 Armour
 + Level 20.0 Shields
 - Level 15.0 Invocations


You had 21 spell levels left.
You didn't know any spells.
Your spell library was empty.

Dungeon Overview and Level Annotations

Branches:
Dungeon (15/15)            Temple (1/1) D:4            Lair (6/6) D:11
  Swamp (4/4) Lair:4       Spider (4/4) Lair:4        Slime (0/5) Lair:5
    Orc (0/2) D:11         Vaults (5/5) D:13         Depths (5/5) D:15
    Zot (3/5) Depths:5    Ossuary (visited)
  Crypt: Vaults:2-3

Altars:
Ashenzari
Cheibriados
Dithmenos
Elyvilon
Fedhas
Gozag
Kikubaaqudgha
Makhleb
Nemelex Xobeh
Okawaru
Qazlal
Ru
Sif Muna
Trog
Vehumet
Xom
Zin
The Shining One

Shops:
D:7 [   D:12 %   D:13 !   Vaults:2 !   Vaults:3 %   Depths:2 ***

Portals:
Hell: Depths:1
Trove: Vaults:2 (give 8 potions of haste)

Annotations:
D:10 2 transporters, olaf's ghost, journeyman GnWn
D:13 1 runed translucent door, Flugslaktarn's ghost, journeyman DDFi
D:14 3 runed translucent doors, Calas's ghost, journeyman MiFi
D:15 Roxanne
Lair:2 exclusion: oklob plant
Lair:3 exclusion: 2 oklob plants
Spider:3 1 runed translucent door


Innate Abilities, Weirdness & Mutations

You are resistant to damage.
You can heal yourself by infusing magical energy.
You resist negative energy. (rN+)
You passively map a large area around you.
You do not regenerate.
Your flesh is heat resistant. (rF+)


Message History

The Killer Klown blinks!
The Killer Klown throws klown pie at you.
The klown pie hits you!!
Cherry!
Cherry-coloured flames burn away your fire resistance!
* * * LOW HITPOINT WARNING * * *
You hit the Killer Klown but do no damage.
The Killer Klown is almost dead.
You miss the Killer Klown.
Your cacodemon hits the Killer Klown. x2
The Killer Klown dies!
Makhleb accepts your kill.
Your life force feels restored.
Your Armour skill increases to level 20!
The Killer Klown pounds your balrug with a +9 club of flaming!!
The Killer Klown tickles you with a +8 club of flaming!
* * * LOW HITPOINT WARNING * * *
The Killer Klown burns you.
The Killer Klown throws klown pie at you.
The klown pie misses your cacodemon. The klown pie hits you!!
Raspberry!
You feel weakened.
You feel dopey.
You feel clumsy.
You die...

**,,,,,** #...##.<.#
***,,,** *#§.##)))# ***
,,*******######..###)#####.#
,,,,,,,,,..........))))....#
*,*****#########.###.#####.#
,,,,,,,.......(..p##.# *,*
,,*****#.....<#..2##.# *,*
,,* *,..######[§).### *,*
,,* *,*,.......@.># *,*
,,****,*,#####.p.###*** *,*
,,,,,*,*,* #.p2..,,,,* *,*
,***,*,*,* #..#..##**,* *,*
<,,,,*,*,*#.#.#...* *,* *,*
,*****,*,#. #,#.#.***,* *,*
,,,,,,,*,#***,##*.,,,,* *,*
********,,,,,,,,*##**** *,*
,,,,,,,,,,,,,,*,* *,*


You could see 3 Killer Klowns, a friendly cacodemon and a friendly balrug.

Vanquished Creatures
  Mara (Depths:3)
  An ancient lich (Depths:1)
  Nikola (Spider:1)
  3 golden dragons
  An electric golem (Zot:1)
  8 tentacled monstrosities
  2 liches
  Asterion (Spider:1)
  4 quicksilver dragons (Vaults:5)
  3 titans
  A death cob (Zot:1)
  4 tengu reavers (Vaults:5)
  Gastronok (Lair:1)
  3 sphinxes (Vaults:5)
  2 thorn hunters (Swamp:4)
  A draconian monk (Zot:1)
  8 shadow dragons
  6 storm dragons
  2 fire giants
  7 draconian scorchers
  A deep elf sorcerer (Vaults:2)
  3 draconian knights
  7 frost giants
  4 ghost moths
  12 vault wardens
  Louise (Spider:1)
  3 emperor scorpions (Spider:4)
  A draconian shifter (Zot:2)
  2 draconian stormcallers
  Aizul (Spider:4)
  8 ironheart preservers
  6 draconian annihilators
  2 war gargoyles (Vaults:5)
  6 stone giants
  9 very ugly things
  8 green draconians
  5 vampire knights
  6 white draconians
  2 deep elf demonologists
  4 entropy weavers
  7 yellow draconians
  10 red draconians
  A deep elf annihilator (Vaults:2)
  2 purple draconians
  3 spark wasps
  3 black draconians
  8 ettins
  3 small abominations (Vaults:5)
  Josephine (D:10)
  6 deep elf high priests
  5 jiangshi
  9 fire dragons
  5 great orbs of eyes
  18 yaktaur captains
  13 hydras
  30 vault guards
  2 rakshasas
  15 centaur warriors
  4 spriggan air magi
  14 two-headed ogres
  5 ice dragons
  3 death yaks (Lair:4)
  3 death knights
  6 ogre magi
  5 alligators
  10 deep troll shamans
  4 tengu warriors
  2 vampire magi
  2 dancing weapons (Vaults:5)
  9 deep troll earth magi
  Nergalle (Lair:3)
  Sonja (Lair:4)
  A soul eater (Depths:1)
  A storm dragon zombie (Vaults:5)
  9 iron trolls
  3 deep elf knights
  A large abomination (Vaults:5)
  3 shadow wraiths
  9 skeletal warriors
  A fire crab (shapeshifter) (Vaults:4)
  3 flayed ghosts
  24 deep trolls
  9 hell knights (Depths:2)
  4 unseen horrors
  2 wizards
  A lindwurm (shapeshifter) (Vaults:2)
  A spark wasp zombie (Depths:1)
  A spriggan druid (Swamp:4)
  4 swamp dragons (Swamp:4)
  8 deep elf archers
  9 ironbrand convokers
  9 harpies
  25 wolf spiders
  7 necromancers
  9 orc knights
  14 orb spiders
  An orc sorcerer (Vaults:2)
  A harpy (shapeshifter) (D:13)
  A salamander (shapeshifter) (D:13)
  A stone giant zombie (Vaults:5)
  2 manticores
  13 deep elf magi
  25 ugly things
  5 cyclopes
  A shadow dragon skeleton (Vaults:5)
  5 moths of wrath
  A frost giant skeleton (Vaults:5)
  5 black mambas
  13 elephants
  2 guardian serpents (Depths:2)
  9 vault sentinels
  An eye of devastation (shapeshifter) (Vaults:5)
  11 spiny frogs
  A gargoyle (D:13)
  2 rime drakes
  9 freezing wraiths
  32 yaktaurs
  4 kobold demonologists (D:14)
  An efreet (D:13)
  5 komodo dragons
  6 demonic crawlers
  A redback zombie (D:14)
  A yaktaur zombie (Depths:1)
  A spriggan skeleton (Depths:1)
  A meliai (shapeshifter) (Depths:2)
  A merfolk (D:12)
  7 tengu conjurers
  A queen bee (shapeshifter) (Vaults:5)
  2 polar bears
  A jumping spider (shapeshifter) (Vaults:3)
  25 jumping spiders
  10 hornets
  4 trolls
  10 tyrant leeches
  3 bog bodies
  19 slime creatures
  17 blink frogs
  12 hippogriffs
  A slime creature (shapeshifter) (Vaults:5)
  A meliai zombie (D:15)
  A vampire (D:14)
  2 spriggans (Swamp:4)
  25 tarantellas
  52 redbacks
  A redback (shapeshifter) (Vaults:3)
  2 wyverns
  3 shadows
  Grum (D:9)
  A human (D:13)
  5 wraiths
  14 vampire mosquitoes
  45 yaks
  3 basilisks
  A hungry ghost (D:8)
  3 wargs (D:11)
  Menkaure (D:7)
  7 swamp worms
  3 insubstantial wisps (Swamp:4)
  A soldier ant (D:13)
  Duvessa (D:6)
  An acid dragon (Vaults:2)
  7 water moccasins
  7 porcupines
  2 sky beasts
  A hornet zombie (D:11)
  17 ogres
  12 orc warriors
  5 swamp drakes
  An eye of draining (D:13)
  3 ice beasts
  A necrophage (D:13)
  5 phantoms
  5 boggarts (Depths:2)
  32 centaurs
  3 wolves (D:9)
  29 crocodiles
  6 big kobolds
  13 bullfrogs
  Dowan (D:6)
  A deep troll simulacrum (Vaults:5)
  A wyvern skeleton (D:14)
  4 scorpions
  13 killer bees
  A tengu skeleton (Depths:1)
  11 wights
  6 electric eels
  2 howler monkeys
  A lava snake (Lair:6)
  4 crimson imps
  A bullfrog zombie (D:10)
  8 centaur zombies
  5 jellies
  6 centaur skeletons
  11 orc priests
  3 bullfrog skeletons
  7 hounds
  21 orc wizards
  8 iguanas
  Natasha (D:2)
  10 worker ants
  A hound zombie (D:11)
  8 mummies (Ossuary)
  A worker ant zombie (D:8)
  4 gnolls (D:3)
  8 adders
  4 shadow imps
  2 oozes
  An adder skeleton (D:8)
  An adder zombie (D:5)
  A worm (D:4)
  A dart slug (D:1)
  10 leopard geckos
  55 orcs
  5 giant cockroaches
  A gnoll zombie (Ossuary)
  5 goblins
  3 hobgoblins
  8 jackals
  32 kobolds
  7 quokkas
  2 ball python skeletons (D:4)
  2 bats
  11 frilled lizards
  A hobgoblin zombie (Ossuary)
  3 kobold zombies (Ossuary)
  A leopard gecko skeleton (D:6)
  3 leopard gecko zombies
  3 orc zombies (Ossuary)
  3 rats
  3 crawling corpses (Vaults:5)
  A fire vortex (Lair:6)
  4 fungi
  7 plants
1444 creatures vanquished.

Vanquished Creatures (collateral kills)
  An ancient lich (Vaults:5)
  A Killer Klown (Zot:2)
  A shadow dragon (Vaults:5)
  A tengu reaver (Vaults:5)
  A storm dragon (Vaults:5)
  A vault warden (Vaults:5)
  3 stone giants (Vaults:5)
  An entropy weaver (Spider:4)
  A deep elf annihilator (Vaults:5)
  2 ogre magi (Vaults:4)
  5 hydras
  2 vault guards (Vaults:5)
  A swamp dragon (Swamp:4)
  2 orb spiders (Spider:4)
  A vault sentinel (Vaults:5)
  4 yaktaurs (Vaults:5)
  A tyrant leech (Swamp:1)
  3 hornets (Spider:4)
  3 swamp drakes
  An orc warrior (Vaults:4)
36 creatures vanquished.

Vanquished Creatures (others)
  Jorgrun (Spider:1)
  A ghost moth (Spider:4)
  A black draconian (Zot:1)
  A hydra (Swamp:4)
  A vault guard (D:13)
  A necromancer (Depths:2)
  An orb spider (Spider:4)
  A wolf spider (Spider:1)
  A jumping spider (Spider:2)
  3 tarantellas (Spider:1)
  2 redbacks (Spider:1)
  A swamp worm (Swamp:4)
  6 fungi
  6 plants (Lair:3)
  9 toadstools (D:5)
  2 withered plants (D:13)
38 creatures vanquished.

Grand Total: 1518 creatures vanquished

Notes
Turn   | Place    | Note
-------+----------+-------------------------------------------
     0 | D:1      | Flugslaktarn the Deep Dwarf Fighter began the quest for the
                  | Orb.
     0 | D:1      | Reached XP level 1. HP: 20/20 MP: 1/1
   176 | D:1      | Reached XP level 2. HP: 16/27 MP: 2/2
   231 | D:2      | Noticed Natasha
   243 | D:2      | Killed Natasha
   243 | D:2      | Reached skill level 3 in Fighting
   243 | D:2      | Reached XP level 3. HP: 26/34 MP: 3/3
   358 | D:3      | Reached XP level 4. HP: 26/42 MP: 4/4
   643 | D:3      | Reached XP level 5. HP: 47/49 MP: 5/5
   823 | D:4      | Noticed an ogre
   825 | D:4      | Noticed an ogre
   836 | D:4      | Killed an ogre
   836 | D:4      | Reached XP level 6. HP: 51/57 MP: 6/6
   842 | D:4      | Reached skill level 5 in Axes
  1072 | D:4      | Found a staircase to the Ecumenical Temple.
  1088 | Temple   | Entered the Ecumenical Temple
  1215 | Temple   | Became a worshipper of Makhleb the Destroyer
  1337 | D:4      | Reached skill level 4 in Fighting
  1532 | D:5      | Entered Level 5 of the Dungeon
  1563 | D:5      | Reached skill level 1 in Invocations
  1563 | D:5      | Reached XP level 7. HP: 48/64 MP: 6/6
  1643 | D:5      | Reached skill level 5 in Armour
  1685 | D:5      | Reached skill level 5 in Shields
  1954 | D:5      | Found an iron altar of Okawaru.
  2221 | D:5      | Reached * piety under Makhleb
  2233 | D:5      | Reached XP level 8. HP: 52/73 MP: 9/9
  2278 | D:5      | Noticed a slime creature
  2376 | D:6      | Noticed Dowan
  2377 | D:6      | Noticed Duvessa
  2434 | D:6      | Killed Duvessa
  2466 | D:6      | Killed Dowan
  2593 | D:6      | Found a sand-covered staircase.
  2601 | Ossuary  | Entered an ossuary
  2689 | Ossuary  | Reached skill level 5 in Fighting
  2791 | Ossuary  | Identified a scroll of acquirement
  2965 | D:6      | Found a shattered altar of Ashenzari.
  3031 | D:6      | Reached ** piety under Makhleb
  3140 | D:6      | Gained mutation: You passively map the area around you.
                  | [Deep Dwarf growth]
  3140 | D:6      | Reached XP level 9. HP: 70/81 MP: 11/11
  3143 | D:6      | Gained mutation: Your flesh is heat resistant. (rF+)
                  | [potion of mutation]
  3143 | D:6      | Gained mutation: You are dopey. (Int -2) [potion of
                  | mutation]
  3143 | D:6      | Lost mutation: You are dopey. (Int -2) [potion of mutation]
  3524 | D:7      | Noticed Menkaure
  3531 | D:7      | Killed Menkaure
  3734 | D:7      | Reached skill level 5 in Invocations
  4246 | D:7      | Found Nall's Armour Emporium.
  4254 | D:7      | Bought a +3 plate armour of magic resistance for 630 gold
                  | pieces
  4486 | D:8      | Reached *** piety under Makhleb
  4734 | D:8      | Reached skill level 6 in Fighting
  4881 | D:9      | Noticed a troll
  4894 | D:9      | Killed a troll
  4967 | D:9      | Reached XP level 10. HP: 61/91 MP: 13/13
  5000 | D:9      | Noticed a two-headed ogre
  5013 | D:9      | Killed a two-headed ogre
  5013 | D:9      | Reached skill level 10 in Axes
  5131 | D:9      | Noticed Grum
  5150 | D:9      | Reached **** piety under Makhleb
  5159 | D:9      | Killed Grum
  5248 | D:9      | Found a glowing silver altar of Zin.
  5622 | D:10     | Entered Level 10 of the Dungeon
  5627 | D:10     | Noticed a two-headed ogre
  5637 | D:10     | Killed a two-headed ogre
  5666 | D:10     | Noticed Josephine
  5681 | D:10     | Killed Josephine
  5681 | D:10     | Reached skill level 7 in Fighting
  5681 | D:10     | Reached XP level 11. HP: 93/100 MP: 13/15
  5720 | D:10     | Found an ancient bone altar of Kikubaaqudgha.
  5968 | D:10     | Found a transporter.
  5970 | D:10     | Noticed a two-headed ogre
  5970 | D:10     | Noticed olaf's ghost (journeyman GnWn)
  5971 | D:10     | Identified the +0 great mace "Vumopaeb" {venom, Str+6}
  5971 | D:10     | Identified the +2 great mace "Ypteppiki" {pain, Dex+2}
  5971 | D:10     | Noticed a two-headed ogre
  5975 | D:10     | Found a transporter.
  6265 | D:11     | Found a staircase to the Orcish Mines.
  6476 | D:11     | Reached ***** piety under Makhleb
  6629 | D:11     | Found a staircase to the Lair.
  7114 | D:12     | Noticed a red ugly thing
  7115 | D:12     | Noticed a cyan ugly thing
  7128 | D:12     | Killed a cyan ugly thing
  7134 | D:12     | Killed a cyan ugly thing
  7203 | D:12     | Noticed a two-headed ogre
  7216 | D:12     | Killed a two-headed ogre
  7216 | D:12     | Reached skill level 8 in Fighting
  7337 | D:12     | Reached XP level 12. HP: 110/110 MP: 17/17
  7350 | D:12     | Found Hiucagai's Food Boutique.
  7489 | D:12     | Noticed a two-headed ogre
  7496 | D:12     | Killed a two-headed ogre
  7496 | D:12     | Reached skill level 10 in Invocations
  7847 | D:13     | Reached skill level 10 in Shields
  7853 | D:13     | Noticed a vault guard
  7870 | D:13     | Reached skill level 10 in Armour
  8101 | D:13     | Noticed a tengu warrior
  8118 | D:13     | Killed a tengu warrior
  8118 | D:13     | Reached ****** piety under Makhleb
  8242 | D:13     | Noticed a centaur warrior
  8247 | D:13     | Found Onun's Distillery.
  8263 | D:13     | Killed a centaur warrior
  8271 | D:13     | Bought a potion of mutation for 104 gold pieces
  8271 | D:13     | Bought a potion of cancellation for 104 gold pieces
  8271 | D:13     | Bought a potion of haste for 130 gold pieces
  8271 | D:13     | Bought a potion of curing for 39 gold pieces
  8271 | D:13     | Bought a potion of mutation for 104 gold pieces
  8322 | D:13     | Noticed a vault guard
  8338 | D:13     | Noticed a vault guard
  8349 | D:13     | Killed a vault guard
  8349 | D:13     | Reached skill level 9 in Fighting
  8356 | D:13     | Reached XP level 13. HP: 106/121 MP: 19/19
  8574 | D:13     | Found a runed translucent door.
  8575 | D:13     | Noticed Flugslaktarn's ghost (journeyman DDFi)
  8666 | D:13     | Found a gate to the Vaults.
  9025 | D:14     | Noticed an ettin
  9044 | D:14     | Killed an ettin
  9105 | D:14     | Noticed a fire dragon
  9118 | D:14     | Killed a fire dragon
  9118 | D:14     | Reached skill level 15 in Axes
  9268 | D:14     | Found a runed translucent gate.
  9269 | D:14     | Found a runed translucent gate.
  9275 | D:14     | Found a runed translucent gate.
  9277 | D:14     | Noticed Calas's ghost (journeyman MiFi)
  9460 | D:14     | Gained mutation: You resist negative energy. (rN+) [Deep
                  | Dwarf growth]
  9460 | D:14     | Reached XP level 14. HP: 97/130 MP: 21/21
  9485 | D:14     | Reached skill level 10 in Fighting
  9963 | D:15     | Entered Level 15 of the Dungeon
 10015 | D:15     | Found the +0 pair of fencer's gloves {Riposte Dex+3}
 10285 | D:15     | Noticed Roxanne
 10328 | D:15     | Found a staircase to the Depths.
 10837 | Lair:1   | Entered Level 1 of the Lair of Beasts
 11028 | Lair:1   | Noticed Gastronok
 11055 | Lair:1   | Killed Gastronok
 11801 | Lair:2   | Reached XP level 15. HP: 140/140 MP: 22/22
 12238 | Lair:3   | Noticed Nergalle
 12261 | Lair:3   | Killed Nergalle
 12936 | Lair:4   | Noticed Sonja
 12944 | Lair:4   | Killed Sonja
 13028 | Lair:4   | You fall into a shaft and drop 2 floors!
 13028 | Lair:6   | Entered Level 6 of the Lair of Beasts
 13267 | Lair:5   | Reached skill level 11 in Fighting
 13499 | Lair:5   | Found a staircase to the Slime Pits.
 14003 | Lair:4   | Found a hole to the Spider Nest.
 14148 | Lair:4   | Found a staircase to the Swamp.
 14543 | Spider:1 | Entered Level 1 of the Spider Nest
 14665 | Spider:1 | Noticed Asterion
 14681 | Spider:1 | Killed Asterion
 14706 | Spider:1 | Noticed Jorgrun
 14712 | Spider:1 | Noticed Nikola
 14727 | Spider:1 | Killed Jorgrun
 14758 | Spider:1 | Killed Nikola
 14843 | Spider:1 | Identified the amulet of Youthful Indiscretion {Harm *Drain
                  | Str+2} (You acquired it on level 1 of the Spider Nest)
 14940 | Spider:1 | Noticed Louise
 14962 | Spider:1 | Killed Louise
 14962 | Spider:1 | Reached XP level 16. HP: 147/151 MP: 18/18
 15128 | Spider:4 | Entered Level 4 of the Spider Nest
 15181 | Spider:4 | Noticed Aizul
 15223 | Spider:4 | Killed Aizul
 15633 | Spider:4 | Reached skill level 15 in Invocations
 15831 | Spider:4 | Reached skill level 12 in Fighting
 16097 | Spider:4 | Got a gossamer rune of Zot
 16249 | Spider:3 | Found a runed translucent gate.
 16368 | Swamp:1  | Entered Level 1 of the Swamp
 16496 | Swamp:2  | You fall into a shaft and drop 1 floor!
 16607 | Swamp:4  | Entered Level 4 of the Swamp
 16674 | Swamp:4  | Noticed a thorn hunter
 16676 | Swamp:4  | Noticed a thorn hunter
 16704 | Swamp:4  | Killed a thorn hunter
 16704 | Swamp:4  | Reached XP level 17. HP: 87/160 MP: 18/18
 17018 | Swamp:4  | Got a decaying rune of Zot
 17436 | Vaults:1 | Entered Level 1 of the Vaults
 18069 | Vaults:2 | Noticed a lich
 18078 | Vaults:2 | Killed a lich
 18104 | Vaults:2 | Reached skill level 13 in Fighting
 18150 | Vaults:2 | Found a portal to a secret trove of treasure.
 18321 | Vaults:2 | Reached skill level 15 in Armour
 18321 | Vaults:2 | Reached skill level 15 in Shields
 18653 | Vaults:2 | Found Coforyura's Distillery.
 18664 | Vaults:2 | Bought a potion of mutation for 144 gold pieces
 18756 | Vaults:2 | Gained mutation: You passively map a large area around you.
                  | [Deep Dwarf growth]
 18756 | Vaults:2 | Reached XP level 18. HP: 148/174 MP: 18/18
 18902 | Vaults:2 | Reached skill level 14 in Fighting
 18927 | Vaults:3 | Found Zeowki's Food Shoppe.
 19554 | Vaults:4 | Reached skill level 15 in Fighting
 19703 | Vaults:5 | Entered Level 5 of the Vaults
 19723 | Vaults:5 | Noticed a tentacled monstrosity
 19734 | Vaults:5 | Killed a tentacled monstrosity
 19870 | Vaults:5 | Reached XP level 19. HP: 187/187 MP: 19/19
 20007 | Vaults:5 | Reached skill level 16 in Fighting
 20207 | Vaults:5 | Identified the ring of Accord {Ice rN+}
 20253 | Vaults:5 | Noticed an ancient lich
 20290 | Vaults:5 | Killed an ancient lich
 20450 | Vaults:5 | Identified the +6 shortbow of Tacoamuw {venom, rElec rN+++
                  | Str-3}
 20455 | Vaults:5 | Reached skill level 17 in Fighting
 20469 | Vaults:5 | Found the amulet of the Air {Inacc +Fly rElec EV+5 RMsl}
 20570 | Vaults:5 | Reached XP level 20. HP: 164/201 MP: 16/16
 20840 | Vaults:5 | Got a scintillating steel ring
 21297 | Vaults:5 | Got a silver rune of Zot
 21811 | Depths:1 | Entered Level 1 of the Depths
 21857 | Depths:1 | Noticed an ancient lich
 21870 | Depths:1 | Reached skill level 18 in Fighting
 21875 | Depths:1 | Killed an ancient lich
 22011 | Depths:1 | Identified the +0 pair of gloves of Lucidity {MP+9 Int+3}
                  | (You acquired it on level 1 of the Depths)
 22055 | Depths:1 | Identified the Handbook of Evil Rituals
 22071 | Depths:1 | Found a gateway to Hell.
 22130 | Depths:1 | You fall into a shaft and drop 1 floor!
 22205 | Depths:2 | Reached XP level 21. HP: 208/214 MP: 14/14
 22235 | Depths:2 | Reached skill level 19 in Fighting
 22268 | Depths:2 | Found Gozag's Assorted Antiques.
 22290 | Depths:2 | Noticed a golden dragon
 22291 | Depths:2 | Found an opulent altar of Gozag.
 22489 | Depths:2 | Found Gozag's Assorted Antiques.
 22501 | Depths:2 | Killed a golden dragon
 22504 | Depths:2 | Found Gozag's Assorted Antiques.
 22837 | Depths:3 | Reached skill level 20 in Fighting
 22864 | Depths:3 | Noticed Mara
 22891 | Depths:3 | Killed Mara
 23117 | Depths:5 | Entered Level 5 of the Depths
 23125 | Depths:5 | Noticed a golden dragon
 23155 | Depths:5 | Killed a golden dragon
 23304 | Depths:5 | Found a gate to the Realm of Zot.
 23355 | Depths:5 | Reached skill level 21 in Fighting
 23370 | Zot:1    | Entered Level 1 of the Realm of Zot
 23446 | Zot:1    | Reached XP level 22. HP: 111/232 MP: 14/14
 23498 | Zot:1    | Noticed a golden dragon
 23533 | Zot:1    | Killed a golden dragon
 23795 | Zot:3    | Noticed a Killer Klown
 23799 | Zot:3    | Noticed a Killer Klown
 23815 | Zot:3    | Noticed a Killer Klown
 23818 | Zot:3    | Noticed a Killer Klown
 23849 | Zot:2    | Killed a Killer Klown
 23849 | Zot:2    | Killed from afar by a Killer Klown

Levels and vault maps discovered:
D:1:      shiori_arrival_elements, layout_rooms, serial_corexii_hall,
          chequers_hall_statues_corner_a, chequers_hall_statues_wall_a,
          chequers_hall_statues_corner_a, corexii_hall_statues_t
D:2:      layout_loops_ring, minitemple, chequers_ecumenical_altar_simple_redux,
          uniq_crazy_yiuf_cottage, uniq_terence, uniq_natasha, uniq_robin
D:3:      layout_basic
D:4:      layout_basic, minmay_temple_entry_proselytizer, first_ration,
          chequers_serial_rivers_small_a
D:5:      cheibrodos_fertilizer, layout_loops_ring, okawaru_altar_gauntlet_db
D:6:      layout_basic, nicolae_ossuary_entry_plus, basic_altar, uniq_duvessa
D:7:      kennysheep_kobold_camp, layout_basic, serial_shops,
          kennysheep_little_box, uniq_menkaure
D:8:      layout_cave_pools
D:9:      layout_stronghold, basic_altar, uniq_grum
D:10:     layout_irregular_city, serial_column_ruins, column_ruins_temple_hut,
          column_ruins_hut_ruined, column_ruins_columns_straight,
          column_ruins_corridor_dead_end, column_ruins_grid_4,
          column_ruins_grid_3, column_ruins_grid_3, gammafunk_ghost_smash,
          uniq_josephine
D:11:     layout_roguey, erik_lair_orcish_takeover
D:12:     layout_loops_cross, serial_shops, nicolae_shop_behind_doors,
          hangedman_fish_farm, hangedman_decor_diamond_cutter
D:13:     layout_long_grid, grunt_vaults_entry_fortified, gammafunk_ghost_grave,
          serial_shops, nicolae_shop_temple_entry_statues_fountains,
          minmay_fractal_squares_gapless_7
D:14:     minmay_the_grid_square_5x5_4x4 [minmay_the_grid_square_5x5_c,
          minmay_the_grid_square_5x5_bridge, minmay_the_grid_square_5x5_shrine2,
          minmay_the_grid_square_5x5_pentomino_r,
          minmay_the_grid_square_5x5_tie,
          minmay_the_grid_square_5x5_prize_itemx,
          minmay_the_grid_square_5x5_prize_gold,
          minmay_the_grid_square_5x5_misaligned,
          minmay_the_grid_square_5x5_inner_z,
          minmay_the_grid_square_5x5_prize_deathbox,
          minmay_the_grid_square_5x5_prize_monsterx,
          minmay_the_grid_square_5x5_minivault,
          minmay_the_grid_square_5x5_bracketed, minmay_the_grid_square_5x5_comb,
          minmay_the_grid_square_5x5_two_walls_a,
          minmay_the_grid_square_5x5_detours], layout_irregular_city,
          gammafunk_ghost_spectres
D:15:     grunt_enter_depths_snipers, layout_basic, corexii_corridor_pit,
          serial_curves, eino_curves_01, eino_curves_03, eino_curves_01,
          uniq_roxanne
Temple:   eino_temple_rhombus
Lair:1:   layout_long_grid, chequers_serial_rivers_large_a,
          beast_lair_carwin_10, uniq_gastronok
Lair:2:   layout_gridlike, minmay_lair_oklob_items
Lair:3:   lemuel_reptile_caves, layout_chaotic_city, grunt_megastairs_3,
          lemuel_fruit_fields, minmay_lair_oklob_chamber, serial_bayou_shore_a,
          infiniplex_staircase_pool, uniq_nergalle
Lair:4:   layout_regular_city, palyth_hydra_swamp_entry,
          spider_nest_entry_rubble, fungi_pond_lemuel, serial_bayou_lake_a,
          uniq_sonja
Lair:5:   layout_gridlike, slime_dummy, serial_bayou_lagoon_b,
          grunt_megastairs_1
Lair:6:   grunt_lair_end_beastmaster, layout_gridlike
Swamp:1:  layout_falls_marsh, nicolae_swamp_orc_logging_accident
Swamp:2:  layout_basic_swamp, nicolae_swamp_round_clearing,
          infiniplex_staircase_pool_2
Swamp:3:  layout_falls_marsh, nicolae_swamp_fairy_circle, uniq_bai_suzhen
Swamp:4:  swamp, layout_basic_swamp, swamp_pool1
Spider:1: layout_spider_delve, uniq_louise, uniq_asterion, uniq_nikola,
          uniq_jorgrun
Spider:2: layout_chambers, nicolae_spider_cling_halls, uniq_arachne
Spider:3: layout_spider_delve, gammafunk_ghost_split
Spider:4: spider_rune_water, uniq_aizul
Vaults:1: vaults_mumra_hexcomb, v_rooms_2, nicolae_vaults_diagonal_hallway_7,
          vaults_dpeg_ring, hangedman_vaults_corner_blocks, v_misc_30,
          v_rooms_5, vaults_room_door_ring, ontoclasm_vaults_idyll, st_lines,
          vaults_room_grunt_arrival_ludios, v_alt_pattern_3,
          nicolae_vaults_border_crossing, layout_vaults_omnibox, serial_shops,
          shop_fountains
Vaults:2: minmay_crypt_entry_simple_walls, nicolae_vaults_big_ls, v_pattern_1,
          vaults_dpeg_hooks, nicolae_vaults_specimen_jars,
          grunt_vaults_hallway_short, vaults_room_glass_cross,
          hangedman_vaults_stitches, nicolae_vaults_little_ls, v_misc_32,
          layout_vaults_maze_bifur, serial_shops, shop, shop, enter_trove_2
Vaults:3: grunt_vaults_funnel, hangedman_vaults_restitches,
          nicolae_vaults_ninety_degrees, nicolae_vaults_stairing_the_circle,
          v_misc_25, ontoclasm_vaults_fault, v_pattern_2, v_alt_pattern_1,
          ontoclasm_vaults_bender, v_misc_12, layout_vaults_ring, serial_shops,
          nicolae_shop_stone, uniq_margery
Vaults:4: v_misc_31, dpeg_vaults_pockets_of_resistance, vaults_room_pool,
          ontoclasm_vaults_eye, vaults_room_stairs_pillars, v_misc_4,
          v_pattern_3, layout_vaults_big_room
Vaults:5: serial_shops
Depths:1: layout_basic, hell_entry, hangedman_decor_push, special_room
          [special_room_morgue], grunt_pan_entry_zigzag,
          kennysheep_inner_square, serial_bayou_shore_b, firewood_loft
Depths:2: kennysheep_gozag_temple, layout_cave_pools,
          ploomutoo_gammafunk_ghost_potion_laboratory, grunt_metal_band,
          minmay_shop_grove
Depths:3: minmay_guarded_unrand_guard, layout_gridlike, enter_ziggurat_d,
          rand_demon_pan_entry_8, chequers_serial_rivers_small_b, abyss_entry,
          hell_entry, infiniplex_staircase_pillars_1, uniq_mara
Depths:4: minmay_broken_ring, layout_cave_shapes, serial_hangedman_research,
          hangedman_research_thermodynamics, hangedman_research_metamorphosis,
          hangedman_research_toxicology, hangedman_research_electronics,
          hangedman_research_pyrotechnics, hangedman_research_probablistics,
          abyss_entry, pf_hell_entry_tar_spiral, minmay_curled_crystal,
          grunt_tough_drop
Depths:5: grunt_zot_entry_tricorne, layout_gridville, hell_entry,
          hangedman_decor_peaks_small, minmay_shoptagon
Zot:1:    layout_gridlike
Zot:2:    kennysheep_six_static_rooms, layout_basic, gammafunk_ghost_split
Zot:3:    ebering_greatest_show_in_zot, layout_twisted_circle

Skill      XL: |  1  2  3  4  5  6  7  8  9 10 11 12 13 14 15 16 17 18 19 20 21 22 |
---------------+-------------------------------------------------------------------+-----
Fighting       | 3 4 5 6 7 8 9 10 11 12 13 15 17 18 21 | 21.9
Axes           | 3 4 5 6 8 9 11 12 14 15 16 17 19 | 19.3
Armour         | 4 5 6 7 8 9 10 11 12 13 14 15 16 17 18 19 20 | 20.0
Shields        | 4 5 6 7 8 9 10 11 12 13 14 15 16 17 18 19 20 | 20.0
Invocations    | 1 3 4 6 8 9 11 12 13 14 15 | 15.0

Action                   |  1- 3 |  4- 6 |  7- 9 | 10-12 | 13-15 | 16-18 | 19-21 | 22-24 || total
-------------------------+-------+-------+-------+-------+-------+-------+-------+-------++-------
Melee: War axe           |    60 |   141 |   672 |   630 |  1259 |       |       |       ||  2762
       Broad axe         |       |       |       |       |    13 |  1489 |  1499 |   286 ||  3287
       Unarmed           |       |       |       |       |       |       |       |     5 ||     5
Invok: Lesser Servant of |       |       |       |       |     5 |     6 |     2 |       ||    13
       Greater Servant o |       |       |       |       |       |     6 |     8 |     3 ||    17
 Abil: Heal Wounds       |     1 |     2 |    10 |     2 |    13 |    20 |    26 |     9 ||    83
Evoke: Wand              |       |       |       |       |     2 |     1 |       |     1 ||     4
  Use: Scroll            |       |     4 |    15 |       |    14 |    16 |     5 |     1 ||    55
       Potion            |       |       |     1 |       |     4 |     9 |     6 |     2 ||    22
 Stab: Invisible         |       |       |       |       |       |    20 |       |       ||    20
       Distracted        |       |       |       |       |       |     4 |     6 |       ||    10
       Confused          |       |       |       |       |       |     1 |       |       ||     1
  Eat: Chunk             |       |     1 |    13 |    12 |    19 |    12 |    11 |     1 ||    69
       Ration            |       |     1 |       |       |     1 |     2 |     1 |       ||     5
Armor: Scale mail        |    26 |    14 |       |       |       |       |       |       ||    40
       Chain mail        |       |    46 |   298 |       |       |       |       |       ||   344
       Plate armour      |       |       |    52 |   307 |   696 |  1514 |   303 |       ||  2872
       Gold dragon scale |       |       |       |       |       |       |   569 |   271 ||   840
Dodge: Dodged            |    20 |    21 |    81 |    48 |   159 |   344 |   210 |    55 ||   938
       Deflected         |       |       |     4 |     8 |    10 |    23 |    10 |     4 ||    59
Block: Kite shield       |    30 |    15 |       |       |       |       |       |       ||    45
       Tower shield      |       |    86 |   679 |   654 |  1252 |  2006 |  1748 |   465 ||  6890
       Rpst.: War axe    |       |       |       |       |    16 |       |       |       ||    16
       Broad axe         |       |       |       |       |       |    40 |    32 |     5 ||    77

Table legend:
 A = Non-vault XP
 B = Vault XP
 C = Vault XP percentage of total XP
 D = Non-vault monster count
 E = Vault monster count
 F = Vault count percentage of total count
                 A         B        C        D         E       F
            +---------+---------+-------+---------+---------+-------
      Total |  438652 |  360199 |  45.1 |     999 |     477 |  32.3
            +---------+---------+-------+---------+---------+-------
        D:1 |      21 |       0 |   0.0 |      12 |       0 |   0.0
        D:2 |       5 |      35 |  87.5 |       2 |       1 |  33.3
        D:3 |     149 |       0 |   0.0 |      24 |       0 |   0.0
        D:4 |     461 |      41 |   8.2 |      19 |       1 |   5.0
        D:5 |     596 |     302 |  33.6 |      15 |      12 |  44.4
        D:6 |     906 |     228 |  20.1 |      26 |       2 |   7.1
        D:7 |     891 |     296 |  24.9 |      15 |      22 |  59.5
        D:8 |     855 |       0 |   0.0 |      17 |       0 |   0.0
        D:9 |    3222 |     545 |  14.5 |      28 |       4 |  12.5
       D:10 |    2282 |    1701 |  42.7 |      27 |       4 |  12.9
       D:11 |    3950 |     620 |  13.6 |      41 |       8 |  16.3
       D:12 |    9731 |     321 |   3.2 |      48 |       1 |   2.0
       D:13 |   11407 |    8730 |  43.4 |      40 |      15 |  27.3
       D:14 |   12772 |   17939 |  58.4 |      43 |      34 |  44.2
       D:15 |    5818 |    2307 |  28.4 |      12 |       3 |  20.0
     Lair:1 |    8355 |    2234 |  21.1 |      34 |       1 |   2.9
     Lair:2 |    6243 |       0 |   0.0 |      21 |       0 |   0.0
     Lair:3 |    4107 |    3365 |  45.0 |      14 |      40 |  74.1
     Lair:4 |    7394 |    3254 |  30.6 |      19 |       8 |  29.6
     Lair:5 |    7639 |     604 |   7.3 |      29 |       3 |   9.4
     Lair:6 |      51 |       0 |   0.0 |       1 |       0 |   0.0
    Swamp:1 |    3795 |       0 |   0.0 |      10 |       0 |   0.0
    Swamp:2 |    3005 |       0 |   0.0 |      11 |       0 |   0.0
    Swamp:3 |    3510 |     133 |   3.7 |       6 |       1 |  14.3
    Swamp:4 |    9316 |   15830 |  63.0 |      30 |      21 |  41.2
   Spider:1 |   15238 |    9020 |  37.2 |      48 |       4 |   7.7
   Spider:2 |    3421 |       0 |   0.0 |      10 |       0 |   0.0
   Spider:3 |    6547 |       0 |   0.0 |      17 |       0 |   0.0
   Spider:4 |   19102 |   20137 |  51.3 |      48 |      49 |  50.5
   Vaults:1 |    2952 |    4604 |  60.9 |       5 |       9 |  64.3
   Vaults:2 |   21116 |   29580 |  58.3 |      45 |      32 |  41.6
   Vaults:3 |   17278 |    7300 |  29.7 |      27 |      13 |  32.5
   Vaults:4 |   21349 |   14844 |  41.0 |      32 |      21 |  39.6
   Vaults:5 |   30657 |  132807 |  81.2 |      43 |      93 |  68.4
   Depths:1 |   28613 |   27692 |  49.2 |      32 |      24 |  42.9
   Depths:2 |   34089 |   17311 |  33.7 |      45 |      15 |  25.0
   Depths:3 |   23403 |    8272 |  26.1 |      29 |       1 |   3.3
   Depths:4 |    4772 |       0 |   0.0 |       4 |       0 |   0.0
   Depths:5 |   14978 |   14468 |  49.1 |      11 |      11 |  50.0
      Zot:1 |   64794 |       0 |   0.0 |      41 |       0 |   0.0
      Zot:2 |   23862 |    5197 |  17.9 |      18 |       1 |   5.3
      Zot:3 |       0 |   10329 | 100.0 |       0 |       7 | 100.0
    Ossuary |       0 |     153 | 100.0 |       0 |      16 | 100.0
            +---------+---------+-------+---------+---------+-------
